 Dungeon Crawl Stone Soup version 0.29.1-2-gbd0b4ee654 (webtiles) character file.

Game seed: 10588597461987650979

428 GorkyZ the Ducker (level 6, -1/49 HPs)
             Began as a Demonspawn Gladiator on Nov 20, 2022.
             Was an Initiate of Gozag.
             Constricted to death by Blork the orc (4 damage)
             ... on level 5 of the Dungeon.
             The game lasted 00:11:44 (3800 turns).

GorkyZ the Ducker (Demonspawn Gladiator)            Turns: 3800, Time: 00:11:45

Health: -1/49      AC:  8    Str: 17    XL:     6   Next: 65%
Magic:  6/6        EV:  8    Int:  9    God:    Gozag
Gold:   133        SH:  4    Dex: 14    Spells: 5/5 levels left

rFire   + . .      SeeInvis .   a - +0 war axe
rCold   . . .      Faith    .   (no shield)
rNeg    . . .      Spirit   .   k - +0 scale mail
rPois   .          Reflect  .   (helmet restricted)
rElec   .          Harm     .   (no cloak)
rCorr   .          Rampage  .   z - +0 pair of gloves
Will    .....                   (no boots)
Stlth   ..........              x - amulet of the acrobat
HPRegen 0.16/turn               n - ring of protection from fire
MPRegen 0.10/turn               (no ring)

@: grasped by roots, gold aura, constricted
A: horns 2, rugged brown scales 1, condensation shield
a: Renounce Religion, Potion Petition, Call Merchant, Bribe Branch


You were on level 5 of the Dungeon.
You worshipped Gozag.
Gozag was aware of your devotion.
You visited 2 branches of the dungeon, and saw 6 of its levels.

You collected 231 gold pieces.
You spent 14 gold pieces at shops.
You paid 84 gold pieces to Gozag.

Inventory:

Hand Weapons
 a - a +0 war axe (weapon)
 w - the +10 dagger of the Endless March {vorpal, rF+ rCorr MP+9 Dex-3}
   (You found it on level 4 of the Dungeon)

   It inflicts extra damage upon your enemies.
   Dex:       It affects your dexterity (-3).
   rF:        It protects you from fire.
   MP:        It affects your magic capacity (+9).
   rCorr:     It protects you from acid and corrosion.
Missiles
 d - 3 throwing nets (quivered)
 e - a javelin
Armour
 b - a +0 leather armour
 c - a +0 helmet
 k - a +0 scale mail (worn)
 z - a +0 pair of gloves (worn)
Jewellery
 n - a ring of protection from fire (left hand)
 x - an amulet of the acrobat (around neck)
Wands
 y - a wand of polymorph (8)
Scrolls
 f - 8 scrolls of teleportation {unknown}
 g - 3 scrolls of fog {unknown}
 m - a scroll of fear {unknown}
 o - a scroll of summoning {unknown}
 p - 2 scrolls of poison {unknown}
 q - a scroll of identify {unknown}
 s - 2 scrolls of enchant weapon {unknown}
 t - 2 scrolls of noise {unknown}
Potions
 h - a potion of cancellation {unknown}
 i - 2 potions of heal wounds {unknown}
 j - a potion of might {unknown}
 l - a potion of degeneration
 r - 2 potions of berserk rage {unknown}
 u - a potion of curing {unknown}
 v - a potion of flight {unknown}
 A - 3 potions of magic {unknown}
 B - a potion of brilliance {unknown}


   Skills:
 + Level 3.8 Fighting
 - Level 2.6 Axes
 + Level 3.4 Throwing
 + Level 2.7 Armour
 + Level 4.1 Dodging
 + Level 1.3 Evocations


You had 5 spell levels left.
You didn't know any spells.
Your spell library contained the following spells:

 Spells                   Type           Power      Damage    Failure   Level
 Sting                    Tmut/Pois      0%         1d3       80%         1
 Poisonous Vapours        Pois/Air       0%         N/A       90%         2
 Olgreb's Toxic Radiance  Pois           0%         N/A       100%        4


Dungeon Overview and Level Annotations

Branches:
Dungeon (5/15)             Temple (1/1) D:5

Altars:
Ashenzari
Cheibriados
Dithmenos
Gozag
Kikubaaqudgha
Okawaru
Ru
Sif Muna
Trog
Vehumet
Wu Jian
Yredelemnul

Shops:
D:1 !   D:2 (

Annotations:
D:3 3 runed translucent doors, Gabide's ghost, weakling HuWn
D:5 Blork the orc


Innate Abilities, Weirdness & Mutations

You have a pair of horns on your head.
You are partially covered in rugged brown scales. (AC +1, +3% HP)
A meltable shield of frost defends you. (SH +4)


Message History

You slash the hound!
You kill the hound!
You closely miss Blork the orc. You block Blork the orc's attack.
Blork the orc casts a spell at you. The puff of frost hits you.
You hit Blork the orc but do no damage.
Blork the orc zaps a wand.
The roots erupt in riotous growth!
The grasping roots grab you!
Blork the orc is unaffected.
The grasping roots constrict you.
The jelly is distracted by your dazzling golden aura.
You block Blork the orc's attack. The grasping roots constrict you.
The jelly quivers.
You hear a shout! x2
You hit Blork the orc. You headbutt Blork the orc.
Blork the orc is moderately wounded.
Blork the orc barely misses you. The grasping roots constrict you.
Blork the orc completely misses you. The grasping roots constrict you.
The grasping roots release their grip on you.
You closely miss Blork the orc.
Blork the orc is moderately wounded.
The jelly is no longer distracted by gold.
Blork the orc hits you with a +0 war axe!
An orc comes into view. It is wielding a +0 falchion.
Blork the orc hits you but does no damage.
The jelly hits you but does no damage.
You are too injured to fight recklessly!
You are too injured to fight recklessly!
You are too injured to fight recklessly!
You closely miss Blork the orc.
Blork the orc is moderately wounded.
You hit the jelly.
Your hands burn!
* * * LOW HITPOINT WARNING * * *
Blork the orc hits you with a +0 war axe!
* * * LOW HITPOINT WARNING * * *
Blork the orc zaps a wand.
The roots erupt in riotous growth!
The grasping roots grab you!
The jelly is unaffected.
Blork the orc is unaffected.
The grasping roots constrict you.
You die...
Your body crumbles into a pile of gold.

.............<.........#.###
....................##.#.#
.8.............<..#......#
.#................###....
#.....o..........# ....
#................# ...
#..(............##.# ##
.........##.!...?...#
............o@......#
...######..J$......# ..
......##...##.# .....##
....# . ....# ..#.# ....
.##.# ... .# . .. ## #


You could see Blork the orc (fast), a jelly and an orc.

Vanquished Creatures
  A necrophage (D:4)
  3 hounds
  2 jellies
  An iguana (D:4)
  An orc wizard (D:4)
  7 adders
  2 ufetubi (D:4)
  2 worms
  3 dart slugs
  5 orcs
  7 ball pythons
  4 endoplasms
  A giant cockroach (D:1)
  7 goblins
  11 hobgoblins
  2 jackals (D:1)
  3 quokkas
  9 bats
  2 frilled lizards
  9 kobolds
  5 rats
87 creatures vanquished.

Vanquished Creatures (others)
  6 fungi
  7 plants
13 creatures vanquished.

Grand Total: 100 creatures vanquished

Notes
Turn   | Place    | Note
-------+----------+-------------------------------------------
     0 | D:1      | GorkyZ the Demonspawn Gladiator began the quest for the
                  | Orb.
     0 | D:1      | Reached XP level 1. HP: 16/16 MP: 1/1
   184 | D:1      | Gained mutation: You are partially covered in rugged brown
                  | scales. (AC +1, +3% HP) [demonic ancestry]
   184 | D:1      | Reached XP level 2. HP: 13/22 MP: 2/2
   649 | D:1      | Found Coreuroe's Distillery.
   657 | D:1      | Reached skill level 3 in Dodging
   699 | D:1      | Bought a potion of degeneration for 14 gold pieces
   704 | D:1      | Reached skill level 1 in Armour
   738 | D:1      | Gained mutation: You have a pair of small horns on your
                  | head. [demonic ancestry]
   738 | D:1      | Reached XP level 3. HP: 28/28 MP: 3/3
   889 | D:1      | Found a faded altar of an unknown god.
  1033 | D:2      | Found Piuce's Weapon Shoppe.
  1165 | D:2      | Reached XP level 4. HP: 21/35 MP: 4/4
  1999 | D:3      | Noticed Gabide's ghost (weakling HuWn)
  1999 | D:3      | Noticed a kobold brigand
  1999 | D:3      | Found a runed translucent gate.
  1999 | D:3      | Found a runed translucent gate.
  1999 | D:3      | Found a runed translucent gate.
  2736 | D:4      | Found a snail-covered altar of Cheibriados.
  2777 | D:4      | Identified the +10 dagger of the Endless March {vorpal, rF+
                  | rCorr MP+9 Dex-3}
  2829 | D:4      | Noticed a necrophage
  2840 | D:4      | Killed a necrophage
  2841 | D:4      | Gained mutation: A meltable shield of frost defends you.
                  | (SH +4) [demonic ancestry]
  2841 | D:4      | Reached XP level 5. HP: 34/42 MP: 5/5
  3109 | D:4      | Gained mutation: You have a pair of horns on your head.
                  | [demonic ancestry]
  3109 | D:4      | Reached XP level 6. HP: 41/48 MP: 6/6
  3413 | D:4      | Reached skill level 4 in Dodging
  3413 | D:4      | Reached skill level 1 in Evocations
  3661 | D:5      | Entered Level 5 of the Dungeon
  3661 | D:5      | Found a staircase to the Ecumenical Temple.
  3671 | Temple   | Entered the Ecumenical Temple
  3699 | Temple   | Became a worshipper of Gozag Ym Sagoz the Greedy
  3787 | D:5      | Noticed Blork the orc
  3800 | D:5      | Constricted to death by Blork the orc

Illustrated notes

Levels and vault maps discovered:
D:1:      psy_arrival_conway, layout_rooms, serial_shops,
          nicolae_shop_advertising_works [nicolae_subvault_shop_adworks],
          shapermc_ecumenical_altar_petra
D:2:      layout_basic, serial_shops, nicolae_shop_bloodbath_and_beyond,
          minmay_box_of_dots
D:3:      layout_basic, zin_scriptorium, gammafunk_ghost_nasty_kobolds
D:4:      layout_basic, mainiacjoe_overflow_concentric_impassable
D:5:      layout_rooms, mainiacjoe_overflow_alcove_4, marbit_many_paths,
          minmay_temple_entry_statues, serial_shops, nicolae_stop_n_shop_1,
          nicolae_take_the_stairs, minmay_misc_feat_chi,
          kennysheep_generic_room_9, uniq_blork_the_orc
Temple:   chequers_temple_sunken

Skill      XL: |  1  2  3  4  5  6 |
---------------+-------------------+-----
Throwing       | 2 3 |  3.4
Dodging        | 3 4 |  4.1
Armour         | 1 2 |  2.7
Fighting       | 3 |  3.8
Evocations     | 1 |  1.3
Axes           | |  2.6

Action                   |  1- 3 |  4- 6 || total
-------------------------+-------+-------++-------
Melee: War axe           |   104 |   137 ||   241
       Headbutt          |    14 |    20 ||    34
       Punch             |     1 |       ||     1
Armor: Leather armour    |    38 |       ||    38
       Scale mail        |    37 |    82 ||   119
Dodge: Dodged            |    98 |    96 ||   194
Block: Other             |       |    13 ||    13
